 Dungeon Crawl Stone Soup version 0.27.0-1-g7a089689b8 (webtiles) character file.

Game seed: 15221781853164077510

24354 sakkuzi the Severer (level 12, -6/174 HPs)
             Began as a Minotaur Berserker on Aug 11, 2021.
             Was a High Priest of Trog.
             Mangled by a ten-headed hydra (11 damage)
             ... on level 4 of the Lair of Beasts.
             The game lasted 01:00:02 (12158 turns).

sakkuzi the Severer (Minotaur Berserker)           Turns: 12158, Time: 01:00:03

Health: -6/174     AC: 20    Str: 34    XL:     12   Next: 79%
Magic:  11/11      EV: 14    Int:  0    God:    Trog [*****.]
Gold:   941        SH:  0    Dex: 11    Spells: 11/11 levels left

rFire    + + .     SeeInvis .   G - +10 war axe "Fiucen" {drain, rF+, axe}
rCold    . . .     Faith    .   (no shield)
rNeg     . . .     Spirit   .   o - +3 chain mail {rF+}
rPois    .         Reflect  .   (helmet restricted)
rElec    .         Harm     .   r - +0 cloak
rCorr    +         Rampage  .   C - +0 pair of gloves
Will     +....                  v - +0 pair of boots
Stlth    ..........             g - amulet of the acrobat
HPRegen  0.39/turn              N - ring "Caovici" {Drain Will+ rCorr EV+4 Str+9 Int-5}
MPRegen  0.12/turn              (no ring)

@: berserking, slowed, lost intelligence
A: horns 2, retaliatory headbutt
a: Renounce Religion, Berserk, Trog's Hand, Brothers in Arms


You were on level 4 of the Lair of Beasts.
You worshipped Trog.
Trog was extremely pleased with you.
You visited 2 branches of the dungeon, and saw 12 of its levels.
You also visited: Ossuary and Bailey.

You collected 941 gold pieces.


Innate Abilities, Weirdness & Mutations

You have a pair of horns on your head.
You reflexively headbutt those who attack you in melee.


   Skills:
 + Level 13.8 Fighting
 - Level 1.7 Short Blades
 * Level 15.4(16.3) Axes
 - Level 9.6(13.6) Polearms
 + Level 12.7 Armour
 - Level 2.1 Dodging


You had 11 spell levels left.
You didn't know any spells.
Your spell library contained the following spells:

 Spells                   Type           Power      Damage    Failure   Level
 Slow                     Hex            0%         N/A       98%         2
 Confusing Touch          Hex            0%         N/A       100%        3
 Dazzling Flash           Conj/Hex       0%         N/A       100%        3
 Gell's Gravitas          Tloc           0%         N/A       100%        3
 Teleport Other           Tloc           0%         N/A       100%        3
 Agony                    Necr           0%         N/A       100%        5
 Fireball                 Conj/Fire      0%         3d3       100%        5
 Iskenderun's Battlesphe  Conj           0%         2d6       100%        5
 Silence                  Hex/Air        0%         N/A       100%        5
 Yara's Violent Unravell  Hex/Tmut       0%         3d3       100%        5
 Conjure Ball Lightning   Conj/Air       0%         3x3d6     100%        6
 Dispersal                Tloc           0%         N/A       100%        6
 Orb of Destruction       Conj           0%         N/A       100%        7

Inventory:

Hand Weapons
 a - a +0 hand axe {axe}
 j - a +2 short sword of draining {short}
   (You took it off a kobold on level 2 of the Dungeon)
 n - a +3 spear of protection {polearm}
   (You found it on level 2 of the Dungeon)
 p - a +0 mace {mace}
   (You took it off Terence on level 2 of the Dungeon)
 E - a +1 antimagic demon blade {long}
   (You found it on level 6 of the Dungeon)
 G - the +10 war axe "Fiucen" (weapon) {drain, rF+, axe}
   (You found it on level 7 of the Dungeon)

   A truly terrible weapon, it drains the life of any living foe it strikes.
   rF:        It protects you from fire.
 H - the +8 rapier of Heor {vorpal, rElec, short}
   (Trog gifted it to you on level 4 of the Lair of Beasts)

   It inflicts extra damage upon your enemies.
   rElec:     It insulates you from electricity.
 P - the +11 hand crossbow of the Endless Expanse {venom, rF+, crossbow}
   (You found it on level 2 of the Lair of Beasts)

   Any ammunition fired from it poisons the flesh of those it strikes.
   rF:        It protects you from fire.
Missiles
 c - 44 bolts
 d - 326 stones (quivered) {throwing}
 h - 136 arrows
 l - 30 poisoned darts {throwing}
 w - 7 boomerangs {throwing}
 B - 76 sling bullets
 D - 5 silver boomerangs {throwing}
Armour
 o - a +3 chain mail of fire resistance (worn)
   (You took it off Terence on level 2 of the Dungeon)
 r - a +0 cloak (worn)
   (You found it on level 3 of the Dungeon)
 v - a +0 pair of boots (worn)
   (You found it on level 6 of the Dungeon)
 C - a +0 pair of gloves (worn)
   (You found it on level 5 of the Dungeon)
Jewellery
 b - an amulet of guardian spirit
   (You found it on level 6 of the Dungeon)
 g - an amulet of the acrobat (around neck)
   (You found it on level 1 of the Dungeon)
 i - a ring of fire
   (You found it on level 1 of the Dungeon)
 k - a ring of ice
   (You found it on level 2 of the Dungeon)
 y - a ring of ice
   (You found it in an ossuary)
 N - the ring "Caovici" (left hand) {Drain Will+ rCorr EV+4 Str+9 Int-5}
   (You found it on level 1 of the Lair of Beasts)

   [ring of evasion]

   EV:        It affects your evasion (+4).
   Str:       It affects your strength (+9).
   Int:       It affects your intelligence (-5).
   rCorr:     It protects you from acid and corrosion.
   Drain:     It drains your maximum health when unequipped.
   Will:      It increases your willpower.
Scrolls
 f - 5 scrolls of fog
 m - 8 scrolls of identify {@r1}
 q - 3 scrolls of amnesia
 u - 5 scrolls of teleportation {@r4}
 F - a scroll of blinking {!r}
 I - a scroll of brand weapon
 M - a scroll of vulnerability {!r!r}
 Q - 2 scrolls of fear {unknown}
 R - a scroll of magic mapping {!r}
Potions
 e - 2 potions of attraction {!q}
 t - 3 potions of brilliance
 x - 2 potions of ambrosia {unknown}
 z - 2 potions of cancellation
 A - 3 potions of berserk rage {!q}
 J - 3 potions of flight
 L - a potion of resistance
 O - a potion of mutation {unknown}
 S - a potion of lignification {unknown}
Miscellaneous
 K - a piece from Xom's chessboard (15/15)
   (You found it in a bailey)

Dungeon Overview and Level Annotations

Branches:
Dungeon (8/15)             Temple (0/1) D:7            Lair (4/6) D:8
 Shoals (0/4) Lair:3        Snake (0/4) Lair:4      Ossuary (visited)
 Bailey (visited)

Altars:
Cheibriados
Dithmenos
Gozag
Qazlal
Vehumet
Xom
Jiyva

Shops:
D:7 =

Annotations:
Lair:1 3 runed translucent doors, willcat's ghost, amateur TrDe

...............#...#...§§#..
......................#≈≈...
....................P..##...
..........#.....#...........
#....D....#.........##....#.
....#..≈........#...........
...#≈≈≈#....................
...#≈≈≈..##........†........
...#≈≈≈#..D@......†........#
♣♣♣#..#P...F......#####....#
♣♣.....#.....##.# #.....
♣.♣....##...#..P ....<..
♣♣♣.... #.......#...P##≈.
♣♣♣..#.........##..≈≈..
♣♣.##......P. ... ...##..


You could see a ten-headed hydra (drained) and a cane toad.


Message History

The seven-headed hydra closely misses you. 😮 HP[-3]
You take 3 damage, and now have 68/116 hp.
You slice one of the seven-headed hydra's heads off!
The six-headed hydra grows two more!
You slash the eight-headed hydra! You drain the eight-headed hydra.
The eight-headed hydra closely misses you.
The eight-headed hydra bites you.
The eight-headed hydra closely misses you.
The eight-headed hydra barely misses you.
The eight-headed hydra bites you but does no damage.
The eight-headed hydra closely misses you.
The eight-headed hydra barely misses you.
The eight-headed hydra bites you but does no damage. 😮 HP[-4]
You take 4 damage, and now have 64/116 hp.
You lop one of the eight-headed hydra's heads off!
The seven-headed hydra grows two more!
You slice the nine-headed hydra!!
Your headbutt misses the nine-headed hydra.
A cane toad comes into view.
The nine-headed hydra completely misses you.
The nine-headed hydra bites you but does no damage.
The nine-headed hydra closely misses you.
The nine-headed hydra bites you. The nine-headed hydra misses you. x2
The nine-headed hydra bites you.
The nine-headed hydra bites you but does no damage. x2 😮 HP[-3]
You take 3 damage, and now have 61/116 hp.
You barely miss the nine-headed hydra.
The cane toad croaks.
You headbutt the nine-headed hydra.
You hear an angry growl.
You hear a roar!
The nine-headed hydra closely misses you.
The nine-headed hydra bites you but does no damage. x4
The nine-headed hydra bites you.
The nine-headed hydra bites you but does no damage.
The nine-headed hydra barely misses you.
The nine-headed hydra bites you but does no damage. 😮 HP[-2]
You take 2 damage, and now have 59/116 hp.
You lop one of the nine-headed hydra's heads off!
The eight-headed hydra grows two more!
You slash the ten-headed hydra! You headbutt the ten-headed hydra!
The ten-headed hydra misses you. You furiously retaliate!
You headbutt the ten-headed hydra!
The ten-headed hydra bites you but does no damage. x2
The ten-headed hydra barely misses you.
The ten-headed hydra closely misses you.
The ten-headed hydra bites you.
* * * LOW HITPOINT WARNING * * *
The ten-headed hydra bites you but does no damage.
The ten-headed hydra bites you.
* * * LOW HITPOINT WARNING * * *
The ten-headed hydra barely misses you. The ten-headed hydra bites you.
* * * LOW HITPOINT WARNING * * *
The ten-headed hydra bites you!
* * * LOW HITPOINT WARNING * * *
The ten-headed hydra bites you.
* * * LOW HITPOINT WARNING * * *
The ten-headed hydra closely misses you.
The ten-headed hydra bites you but does no damage.
The ten-headed hydra closely misses you.
The ten-headed hydra bites you but does no damage.
The ten-headed hydra barely misses you. The ten-headed hydra bites you.
* * * LOW HITPOINT WARNING * * *
The ten-headed hydra bites you!
* * * LOW HITPOINT WARNING * * *
The ten-headed hydra bites you!
* * * LOW HITPOINT WARNING * * *
😱 HP[-39]
You take 39 damage, and now have 20/116 hp.
MASSIVE DAMAGE!! (PAUSE)
You feel better.
The ten-headed hydra bites you but does no damage.
The ten-headed hydra misses you.
The ten-headed hydra barely misses you. x2
The ten-headed hydra bites you!
* * * LOW HITPOINT WARNING * * *
The ten-headed hydra barely misses you. The ten-headed hydra bites you.
* * * LOW HITPOINT WARNING * * *
The ten-headed hydra bites you but does no damage.
The ten-headed hydra bites you!
* * * LOW HITPOINT WARNING * * *
The ten-headed hydra barely misses you. 😱 HP[-10]
You take 10 damage, and now have 10/116 hp.
A red film seems to cover your vision as you go berserk!
You feel yourself moving faster!
You feel mighty! The cane toad barely misses you.
The ten-headed hydra closely misses you.
The ten-headed hydra barely misses you.
The ten-headed hydra closely misses you.
The ten-headed hydra bites you but does no damage.
The ten-headed hydra bites you.
* * * LOW HITPOINT WARNING * * *
The ten-headed hydra bites you but does no damage. x2
The ten-headed hydra bites you.
* * * LOW HITPOINT WARNING * * *
The ten-headed hydra bites you.
* * * LOW HITPOINT WARNING * * *
The ten-headed hydra bites you!
You die...

Skill      XL: |  1  2  3  4  5  6  7  8  9 10 11 12 |
---------------+-------------------------------------+-----
Axes           | 4 10 11 13 15 | 15.4
Short Blades   | 1 |  1.7
Fighting       | 4 5 6 7 8 11 12 13 | 13.8
Polearms       | 1 3 4 6 7 9 |  9.6
Armour         | 4 6 9 10 11 12 | 12.7
Dodging        | |  2.1

Action                   |  1- 3 |  4- 6 |  7- 9 | 10-12 || total
-------------------------+-------+-------+-------+-------++-------
Melee: Hand axe          |    31 |       |       |       ||    31
       Headbutt          |     9 |    38 |    58 |    87 ||   192
       Short sword       |    17 |       |       |       ||    17
       Spear             |    15 |   152 |   246 |       ||   413
       War axe           |       |       |       |   340 ||   340
Throw: Stone             |       |       |       |     9 ||     9
       Boomerang         |       |       |       |     1 ||     1
Invok: Berserk           |       |       |       |     5 ||     5
  Use: Scroll            |     1 |     2 |    16 |     2 ||    21
       Potion            |       |       |     2 |     8 ||    10
Armor: Leather armour    |    19 |       |       |       ||    19
       Chain mail        |       |    75 |    75 |   160 ||   310
Dodge: Dodged            |    48 |    59 |   104 |   279 ||   490

Levels and vault maps discovered:
D:1:      amcnicky_arrival_wind_blow, layout_loops_ring,
          minmay_misc_feat_enclosed
D:2:      layout_rooms, uniq_crazy_yiuf_cottage, uniq_terence, uniq_natasha
D:3:      layout_basic, hellmonk_ecumenical_altar_arch_garden, fountainhead
D:4:      layout_basic, grunt_qazlal_clouds, chequers_ossuary_entry_cave,
          minmay_gold_behind_fungi
D:5:      layout_rooms, nicolae_overflow_crystal_walls
D:6:      cheibrodos_two_vegetables, layout_basic, slow_altar_2
D:7:      layout_basic, general_overflow_altar, minmay_temple_entry_hall,
          serial_shops, nicolae_stop_n_shop_2
D:8:      layout_loops_ring, mainiacjoe_overflow_small_starburst,
          dpeg_lair_monsters, enter_bailey_3, uniq_prince_ribbit1, uniq_grum
Lair:1:   layout_regular_city, gammafunk_ghost_ooze, serial_forest,
          infiniplex_forest_clump_long, infiniplex_forest_lined_3_way,
          infiniplex_forest_lined_2, infiniplex_forest_3_way,
          infiniplex_forest_end_2, infiniplex_forest_clump_small,
          infiniplex_forest_clump_small, infiniplex_forest_clump_long,
          infiniplex_forest_corner_2, st_stairs_3
Lair:2:   layout_misc_corridors, basic_altar, lemuel_fruit_fields
Lair:3:   layout_loops_ring, shoals_dummy_entry, serial_forest,
          infiniplex_forest_end_1, infiniplex_forest_straight_2,
          infiniplex_forest_straight_2, infiniplex_forest_pool,
          infiniplex_forest_clump_small, infiniplex_forest_end_3,
          infiniplex_forest_clump_small, infiniplex_forest_straight_3,
          infiniplex_forest_lined_room_2
Lair:4:   gammafunk_lair_enchanted_lake, layout_gridlike,
          minmay_snake_entry_guardpost_medium, minivault_25,
          infiniplex_staircase_pool_2

Notes
Turn   | Place    | Note
-------+----------+-------------------------------------------
     0 | D:1      | sakkuzi the Minotaur Berserker began the quest for the Orb.
     0 | D:1      | Reached XP level 1. HP: 19/19 MP: 0/0
     0 | D:1      | magus.rc [v1.9.6]
   123 | D:1      | Reached skill level 4 in Axes
   162 | D:1      | Reached XP level 2. HP: 25/26 MP: 1/1
   241 | D:1      | You add the spells Gell's Gravitas, Teleport Other and
                  | Dispersal to your library.
   759 | D:2      | Reached skill level 1 in Short Blades
   775 | D:2      | Reached XP level 3. HP: 23/33 MP: 2/2
   994 | D:2      | Reached ** piety under Trog
   999 | D:2      | Reached skill level 4 in Fighting
  1075 | D:2      | Reached skill level 1 in Polearms
  1151 | D:2      | Noticed Natasha
  1152 | D:2      | Noticed Terence
  1164 | D:2      | Killed Natasha
  1165 | D:2      | Reached XP level 4. HP: 36/40 MP: 3/3
  1190 | D:2      | Reached skill level 2 in Polearms
  1225 | D:2      | HP: 9/40 [Terence (8)]
  1228 | D:2      | Killed Terence
  1536 | D:2      | Noticed Natasha
  1544 | D:2      | Killed Natasha
  1545 | D:2      | Reached skill level 3 in Polearms
  1693 | D:3      | Found a faded altar of an unknown god.
  1706 | D:3      | Reached XP level 5. HP: 47/47 MP: 4/4
  2064 | D:4      | Found a stormy altar of Qazlal.
  2085 | D:4      | Reached skill level 5 in Fighting
  2085 | D:4      | Reached skill level 4 in Polearms
  2236 | D:4      | Found a sand-covered staircase.
  2441 | D:4      | Reached XP level 6. HP: 46/56 MP: 5/5
  2553 | D:4      | Reached skill level 5 in Polearms
  2592 | Ossuary  | Entered an ossuary
  2671 | Ossuary  | Reached *** piety under Trog
  2839 | Ossuary  | Reached skill level 6 in Polearms
  2859 | Ossuary  | Reached skill level 6 in Fighting
  2859 | Ossuary  | Reached XP level 7. HP: 53/63 MP: 6/6
  2892 | Ossuary  | Reached skill level 7 in Polearms
  3126 | Ossuary  | Reached skill level 3 in Armour
  3303 | Ossuary  | Reached skill level 7 in Fighting
  3311 | Ossuary  | Reached skill level 4 in Armour
  3311 | Ossuary  | Reached XP level 8. HP: 58/73 MP: 7/7
  3573 | D:4      | Reached skill level 8 in Polearms
  3817 | D:5      | Entered Level 5 of the Dungeon
  3877 | D:5      | Found a shimmering altar of Xom.
  3968 | D:5      | Reached skill level 5 in Armour
  4087 | D:5      | Reached skill level 8 in Fighting
  4152 | D:5      | Reached **** piety under Trog
  4563 | D:6      | Reached skill level 9 in Polearms
  4563 | D:6      | Reached skill level 6 in Armour
  4790 | D:6      | Reached XP level 9. HP: 82/82 MP: 8/8
  5071 | D:6      | Reached skill level 9 in Fighting
  5733 | D:6      | Found a snail-covered altar of Cheibriados.
  5740 | D:6      | Reached skill level 7 in Armour
  5831 | D:7      | Identified the +10 war axe "Fiucen" {drain, rF+}
  5860 | D:7      | Identified a potion of experience
  5861 | D:7      | Reached skill level 11 in Fighting
  5861 | D:7      | Reached skill level 10 in Axes
  5861 | D:7      | Reached skill level 9 in Armour
  5861 | D:7      | Reached XP level 10. HP: 96/96 MP: 9/9
  6016 | D:7      | Found a staircase to the Ecumenical Temple.
  6221 | D:7      | Found Cevavar's Jewellery Shoppe.
  6268 | D:7      | Found a shadowy altar of Dithmenos.
  6828 | D:8      | Noticed a death yak
  6828 | D:8      | Noticed a cyclops
  6829 | D:8      | Noticed a death yak
  6829 | D:8      | Noticed a death yak
  6829 | D:8      | Noticed a death yak
  6921 | D:8      | Found a flagged portal.
  6945 | Bailey   | Entered a bailey
  6977 | Bailey   | Noticed an orc knight
  6992 | Bailey   | Killed an orc knight
  6993 | Bailey   | Reached skill level 11 in Axes
  6993 | Bailey   | Reached skill level 10 in Armour
  7185 | Bailey   | Found a burning altar of Makhleb.
  7354 | D:8      | Noticed a death yak
  7355 | D:8      | Noticed a death yak
  7365 | D:8      | Killed a death yak
  7374 | D:8      | Killed a death yak
  7399 | D:8      | Killed a death yak
  7400 | D:8      | Reached XP level 11. HP: 30/104 MP: 10/10
  7400 | D:8      | HP: 25/104 [death yak (6)]
  7401 | D:8      | Killed a death yak
  7402 | D:8      | Reached skill level 12 in Axes
  7405 | D:8      | Killed a death yak
  7406 | D:8      | Reached skill level 12 in Fighting
  7407 | D:8      | Killed a death yak
  7700 | D:8      | Found a staircase to the Lair.
  7798 | D:8      | Noticed Grum
  7815 | D:8      | Killed Grum
  7882 | D:8      | Noticed a two-headed ogre
  7891 | D:8      | Killed a two-headed ogre
  7892 | D:8      | Reached skill level 11 in Armour
  7898 | D:8      | Found an opulent altar of Gozag.
  8155 | D:8      | Paralysed by a hornet for 1 turns
  8165 | D:8      | Reached skill level 13 in Axes
  8516 | D:8      | Noticed a centaur warrior
  8516 | D:8      | Noticed Prince Ribbit
  8530 | D:8      | Killed a centaur warrior
  8535 | D:8      | Killed Prince Ribbit
  9087 | Lair:1   | Entered Level 1 of the Lair of Beasts
  9307 | Lair:1   | Identified the ring "Caovici" {Drain Will+ rCorr EV+4 Str+9
                  | Int-5}
  9309 | Lair:1   | Lost intelligence.
  9882 | Lair:1   | Found a runed translucent gate.
  9883 | Lair:1   | Found a runed translucent gate.
  9883 | Lair:1   | Found a runed translucent gate.
  9887 | Lair:1   | Noticed willcat's ghost (amateur TrDe)
  9932 | Lair:1   | Found a viscous altar of Jiyva.
 10163 | Lair:1   | You pick up a book of the Senses {forbidden} and begin
                  | reading...
 10163 | Lair:1   | You add the spells Dazzling Flash, Agony and Silence to
                  | your library.
 10590 | Lair:2   | Found the +9 staff of Wucad Mu {*channel}
 10628 | Lair:2   | Noticed a four-headed hydra
 10631 | Lair:2   | Reached XP level 12. HP: 110/113 MP: 11/11
 10637 | Lair:2   | Killed a seven-headed hydra
 10693 | Lair:2   | Found a radiant altar of Vehumet.
 10697 | Lair:2   | Identified the +11 hand crossbow of the Endless Expanse
                  | {venom, rF+}
 10734 | Lair:2   | Reached skill level 13 in Fighting
 10734 | Lair:2   | Reached skill level 14 in Axes
 11208 | Lair:3   | Reached skill level 12 in Armour
 11367 | Lair:3   | Found a staircase to the Shoals.
 11404 | Lair:3   | Reached ***** piety under Trog
 11423 | Lair:3   | You pick up a book of the Spheres {forbidden} and begin
                  | reading...
 11423 | Lair:3   | You add the spells Iskenderun's Battlesphere, Fireball,
                  | Conjure Ball Lightning and Orb of Destruction to your
                  | library.
 11443 | Lair:3   | You pick up a book of Misfortune {forbidden} and begin
                  | reading...
 11443 | Lair:3   | You add the spells Slow, Confusing Touch and Yara's Violent
                  | Unravelling to your library.
 11470 | Lair:3   | Noticed a five-headed hydra
 11476 | Lair:3   | Killed an eight-headed hydra
 11856 | Lair:4   | Reached skill level 15 in Axes
 12001 | Lair:4   | Found a staircase to the Snake Pit.
 12073 | Lair:4   | Identified the +8 rapier of Heor {vorpal, rElec} (Trog
                  | gifted it to you on level 4 of the Lair of Beasts)
 12073 | Lair:4   | Received a gift from Trog
 12074 | Lair:4   | Noticed a boulder beetle
 12086 | Lair:4   | Killed a boulder beetle
 12143 | Lair:4   | Noticed a six-headed hydra
 12156 | Lair:4   | HP: 28/116 [ten-headed hydra (9)]
 12157 | Lair:4   | HP: 10/116 [ten-headed hydra (7)]
 12158 | Lair:4   | Mangled by a ten-headed hydra

Vanquished Creatures
  A boulder beetle (Lair:4)
  2 hydras
  A centaur warrior (D:8)
  A two-headed ogre (D:8)
  6 death yaks (D:8)
  An orc knight (Bailey)
  A cyclops (D:8)
  7 cane toads
  2 rime drakes (Lair:3)
  4 komodo dragons
  A polar bear (Lair:3)
  Prince Ribbit (D:8)
  A hornet (D:8)
  3 blink frogs (Lair:3)
  7 dream sheep (Lair:4)
  2 wyverns
  12 yaks
  A steam dragon (D:8)
  A fire elemental (Lair:4)
  Grum (D:8)
  2 nagas (Lair:4)
  8 water moccasins
  A black bear (Lair:4)
  A necrophage (D:6)
  An ice beast (D:6)
  4 orc warriors
  10 wolves
  A centaur (D:6)
  An ogre (D:7)
  A wyvern zombie (D:6)
  7 bullfrogs
  13 scorpions
  9 killer bees
  7 electric eels
  A howler monkey (D:5)
  3 centaur zombies
  3 hounds
  2 human zombies (Ossuary)
  3 orc priests
  3 bullfrog skeletons
  8 scorpion zombies (Ossuary)
  Natasha (twice) (D:2)
  Terence (D:2)
  3 orc wizards
  4 iguanas
  A killer bee zombie (D:7)
  4 mummies
  3 gnolls (D:5)
  8 adders
  A shadow imp (D:8)
  A white imp (D:6)
  An ufetubus (D:5)
  2 worms
  A dart slug (D:2)
  23 orcs
  A giant cockroach (D:1)
  2 gnoll zombies (Ossuary)
  12 goblins
  9 hobgoblins
  A quokka (D:4)
  3 ball pythons
  2 bats
  A frilled lizard (D:1)
  2 goblin zombies (Ossuary)
  A hobgoblin zombie (Ossuary)
  11 kobolds
  A kobold zombie (Ossuary)
  2 orc zombies (Ossuary)
  2 rats
  5 bushes (Lair:3)
  A toadstool (D:4)
256 creatures vanquished.

Vanquished Creatures (others)
  A bush (Lair:3)
  14 fungi
  19 plants
  10 toadstools
44 creatures vanquished.

Grand Total: 300 creatures vanquished

Table legend:
 A = Non-vault XP
 B = Vault XP
 C = Vault XP percentage of total XP
 D = Non-vault monster count
 E = Vault monster count
 F = Vault count percentage of total count
                 A         B        C        D         E       F
            +---------+---------+-------+---------+---------+-------
      Total |   20811 |   10533 |  33.6 |     182 |      68 |  27.2
            +---------+---------+-------+---------+---------+-------
        D:1 |      19 |       0 |   0.0 |      13 |       0 |   0.0
        D:2 |     102 |      72 |  41.4 |      17 |       2 |  10.5
        D:3 |      69 |       0 |   0.0 |      10 |       0 |   0.0
        D:4 |     273 |       0 |   0.0 |      18 |       0 |   0.0
        D:5 |     512 |       0 |   0.0 |      17 |       0 |   0.0
        D:6 |     581 |     705 |  54.8 |      15 |      10 |  40.0
        D:7 |     608 |       0 |   0.0 |      11 |       0 |   0.0
        D:8 |    3240 |    6114 |  65.4 |      18 |      15 |  45.5
     Lair:1 |    3163 |      88 |   2.7 |      13 |       1 |   7.1
     Lair:2 |    3483 |       0 |   0.0 |      16 |       0 |   0.0
     Lair:3 |    5195 |       0 |   0.0 |      19 |       0 |   0.0
     Lair:4 |    3566 |    1312 |  26.9 |      15 |       3 |  16.7
    Ossuary |       0 |    1188 | 100.0 |       0 |      31 | 100.0
     Bailey |       0 |    1054 | 100.0 |       0 |       6 | 100.0
            +---------+---------+-------+---------+---------+-------

Illustrated notes

Table legend:
 A = Kills in this place as a percentage of kills in entire the game.
 B = Kills by you in this place as a percentage of kills by you in the entire game.
 C = Kills by friends in this place as a percentage of kills by friends in the entire game.
 D = Other kills in this place as a percentage of other kills in the entire game.
 E = Experience gained in this place as a percentage of experience gained in the entire game.
 F = Experience gained in this place divided by the number of levels of this place that you have seen.
                   A       B       C       D       E      F
               +-------+-------+-------+-------+-------+----------------------
         Total | 100.0 | 100.0 |   N/A |   N/A | 100.0 | 2238.9
       Dungeon |  58.4 |  58.4 |   N/A |   N/A |  39.2 | 1536.9
          Lair |  26.8 |  26.8 |   N/A |   N/A |  53.6 | 4201.8
       Ossuary |  12.4 |  12.4 |   N/A |   N/A |   3.8 | 1188.0
        Bailey |   2.4 |   2.4 |   N/A |   N/A |   3.4 | 1054.0
               +-------+-------+-------+-------+-------+----------------------

Table legend: (Time is in decaauts)
 A = Elapsed time spent in this place.
 B = Non-inter-level travel time spent in this place.
 C = Inter-level travel time spent in this place.
 D = Time resting spent in this place.
 E = Time spent auto-exploring this place.
 F = Levels seen in this place.
 G = Mean time per level.
                   A        B        C        D        E       F      G
               +--------+--------+--------+--------+--------+-----+--------+
         Total |  13430 |  13004 |    426 |   3616 |   1159 |  14 |  959.3 |
       Dungeon |   7758 |   7413 |    345 |   1898 |      4 |   8 |  969.8 |
          Lair |   4399 |   4318 |     81 |   1023 |   1155 |   4 | 1099.8 |
       Ossuary |    911 |    911 |      0 |    465 |      0 |   1 |  911.0 |
        Bailey |    360 |    360 |      0 |    229 |      0 |   1 |  360.0 |
               +--------+--------+--------+--------+--------+-----+--------+

Top non-repeatable levels by time:
  Lair:1: 2131 daAuts
     D:8: 1857 daAuts
     D:6: 1526 daAuts
     D:7: 1046 daAuts
     D:2: 1000 daAuts
  Lair:3: 998 daAuts
 Ossuary: 911 daAuts
  Lair:2: 821 daAuts
     D:4: 801 daAuts
     D:1: 668 daAuts
     D:5: 475 daAuts
  Lair:4: 446 daAuts
     D:3: 382 daAuts
  Bailey: 360 daAuts
